 Dungeon Crawl Stone Soup version bcrawl-1.26.1 (webtiles) character file.

Game seed: 10443581577312530599

150099 Freyura the Sneak (level 4, -9/22 HPs)
             Began as a Spriggan Rogue on July 10, 2020.
             Shot with a bolt by a big kobold (10 damage)
             ... on level 3 of the Dungeon on July 11, 2020.
             The game lasted 00:08:38 (1801 turns).

Freyura the Sneak (Spriggan Rogue)                  Turns: 1801, Time: 00:08:39

Health: -9/22      AC:  3    Str:  7    XL:     4   Next: 60%
Magic:  7/7        EV: 21    Int: 12    God:
Gold:   196        SH:  0    Dex: 18    Spells: 3/5 levels left

rFire    . . .     SeeInvis +   a - +2 dagger
rCold    . . .     Gourm    .   (shield restricted)
rNeg     . . .     Faith    .   c - +0 robe
rPois    .         Spirit   .   (helmet restricted)
rElec    .         Reflect  .   d - +0 cloak
rCorr    .         Harm     .   (gloves unavailable)
MR       .....                  (boots unavailable)
Stlth    ++++......             m - amulet of regeneration
HPRegen  0.28/turn              l - +3 ring of evasion
MPRegen  0.10/turn              (no ring)

@: very quick
A: very small, unfitting armour, see invisible, herbivore, speed 3, slow
metabolism 2
a: no special abilities


You were on level 3 of the Dungeon.
You were not hungry.

You visited 1 branch of the dungeon, and saw 3 of its levels.

You collected 196 gold pieces.

Inventory:

Hand Weapons
 a - a +2 dagger (weapon)
 b - a +0 blowgun
Missiles
 h - 187 poisoned needles
Armour
 c - a +0 robe (worn)
 d - a +0 cloak (worn)
Jewellery
 l - a +3 ring of evasion (left hand)
 m - an amulet of regeneration (around neck)
Wands
 f - a wand of flame (21)
 g - a wand of enslavement (15)
 q - a wand of acid (9)
Scrolls
 k - a scroll of magic mapping
Potions
 i - 2 potions of resistance {unknown}
 j - 2 potions of curing {unknown}
 n - 2 potions of lignification {unknown}
 o - a potion of degeneration {unknown}
 r - a potion of invisibility {unknown}
Comestibles
 e - 4 rations {!d}


   Skills:
 - Level 1.5 Fighting
 + Level 3.7 Short Blades
 + Level 3.1 Dodging
 + Level 7.5 Stealth
 + Level 1.1 Spellcasting
 + Level 1.0 Hexes
 - Level 2.6 Evocations


You had 3 spell levels left.
You knew the following spells:

 Your Spells              Type           Power        Failure   Level  Hunger
a - Ensorcelled Hibernat  Hex/Ice        #.....       36%         2    ###....

Your spell library contained the following spells:

 Spells                   Type           Power        Failure   Level  Hunger
 Corona                   Hex            #......      21%         1    ##.....
 Confuse                  Hex            #.......     52%         3    ####...
 Tukima's Dance           Hex            #.......     52%         3    ####...
 Dazzling Orbs            Conj/Hex       #......      58%         3    ####...


Dungeon Overview and Level Annotations

Branches:
Dungeon (3/12)

Altars:


Innate Abilities, Weirdness & Mutations

You are very small and have problems with some larger weapons.
You are too small for most types of armour.
You have supernaturally acute eyesight. (SInv)
You are a herbivore.
You cover ground extremely quickly.
You need to consume almost no food.


Message History

The big kobold wields a +0 hand crossbow.
The big kobold shoots a bolt.
The bolt barely misses you. The orc priest completely misses you.
You closely miss the orc priest.
The orc priest is almost dead.
The big kobold shoots a bolt.
The bolt hits you!
Ouch! That really hurt!
No path to travel!
You hit the orc priest.
The orc priest is almost dead.
The orc priest invokes the aid of Beogh against you.
Pain shoots through your body!
* * * LOW HITPOINT WARNING * * *
You hit the orc priest.
You kill the orc priest!
Your Dodging skill increases to level 3!
Your Spellcasting skill increases to level 1!
Your Hexes skill increases to level 1!
The big kobold shoots a bolt.
The bolt hits you!
You die...

.. . K# .#
.)# ##
####..#
##...#<....#
........@...#
.##......)..#
....###.....+
##. #####.# #
.# #


You could see a big kobold.

Vanquished Creatures
  An orc priest (D:3)
  An adder (D:2)
  2 worms (D:2)
  3 dart slugs (D:2)
  3 leopard geckos
  3 orcs
  2 ball pythons (D:1)
  3 bats
  2 giant cockroaches (D:2)
  6 goblins
  6 hobgoblins
  8 jackals (D:1)
  4 kobolds
  2 rats (D:2)
46 creatures vanquished.

Notes
Turn   | Place    | Note
-------+----------+-------------------------------------------
     0 | D:1      | Freyura the Spriggan Rogue began the quest for the Orb.
     0 | D:1      | Reached XP level 1. HP: 10/10 MP: 3/3
   137 | D:1      | Reached skill level 1 in Dodging
   158 | D:1      | Reached XP level 2. HP: 12/14 MP: 5/5
   854 | D:2      | Reached skill level 7 in Stealth
   854 | D:2      | Reached XP level 3. HP: 18/18 MP: 6/6
  1349 | D:2      | Learned a level 2 spell: Ensorcelled Hibernation
  1583 | D:2      | Reached XP level 4. HP: 22/22 MP: 7/7
  1794 | D:3      | Noticed a big kobold
  1800 | D:3      | HP: 1/22 [orc priest/nerve-wracking pain (7)]
  1801 | D:3      | Reached skill level 1 in Spellcasting
  1801 | D:3      | Reached skill level 1 in Hexes
  1801 | D:3      | Shot with a bolt by a big kobold

Skill      XL: |  1  2  3  4 |
---------------+-------------+-----
Dodging        | 1 2 3 |  3.1
Short Blades   | 3 |  3.7
Stealth        | 7 |  7.5
Spellcasting   | 1 |  1.1
Hexes          | 1 |  1.0
Fighting       | |  1.5
Evocations     | |  2.6

Action                   |  1- 3 |  4- 6 || total
-------------------------+-------+-------++-------
Melee: Dagger            |   145 |    38 ||   183
Evoke: Wand              |     6 |     1 ||     7
  Use: Scroll            |     1 |     1 ||     2
 Stab: Sleeping          |    11 |       ||    11
Armor: Robe              |     5 |     1 ||     6
Dodge: Dodged            |   111 |    29 ||   140
